TOP OF THE 1ST |
Pensacola Pilots batting - Pitching for Savannah Hogs : RHP Gabriel Quintero
|
Pitching: RHP Gabriel Quintero
|
|
Batting: SHB Jack Hendrix
|
0-0: Ground out U3 (Groundball, 3L)
|
Batting: SHB Carlos González
|
0-0: Called Strike 0-1: Foul Ball, location: 2F 0-2: SINGLE (Groundball, 3D)
|
Batting: RHB John Hall
|
0-0: Ball 1-0: Called Strike 1-1: Ball 2-1: Foul Ball, location: 2F 2-2: Strikes out swinging
|
Batting: LHB Preston Hamilton
|
0-0: Ball 1-0: Called Strike 1-1: Called Strike Carlos González is caught stealing 2nd base
|
Top of the 1st over - 0 runs, 1 hit, 0 errors, 0 left on base; Pensacola 0 - Savannah 0 |
BOTTOM OF THE 1ST |
Savannah Hogs batting - Pitching for Pensacola Pilots : RHP Robin Richmond
|
Pitching: RHP Robin Richmond
|
|
Batting: SHB Ramón Minas
|
0-0: Called Strike 0-1: Ground out 6-3 (Groundball, 6)
|
Batting: RHB Rick Holman
|
0-0: Called Strike 0-1: Ball 1-1: Foul Ball, location: 2F 1-2: Ball 2-2: Ground out 3-1 (Groundball, 34)
|
Batting: RHB José Ramos
|
0-0: Ball 1-0: Foul Ball, location: 2F 1-1: Foul Ball, location: 2F 1-2: Ball 2-2: Ground out 4-3 (Groundball, 4M)
|
Bottom of the 1st over - 0 runs, 0 hits, 0 errors, 0 left on base; Pensacola 0 - Savannah 0 |
TOP OF THE 2ND |
Pensacola Pilots batting - Pitching for Savannah Hogs : RHP Gabriel Quintero
|
Batting: LHB Preston Hamilton
|
0-0: Fly out, F9 (Flyball, 89S)
|
Batting: RHB Lawrence Davidson
|
0-0: Ball 1-0: Called Strike 1-1: Foul Ball, location: 2F 1-2: Strikes out swinging
|
Batting: LHB Ángel Flores
|
0-0: Called Strike 0-1: Ball 1-1: Ball 2-1: Ball 3-1: Base on Balls
|
Batting: RHB George Martin
|
0-0: Swinging Strike 0-1: Ball 1-1: Swinging Strike 1-2: Ball 2-2: DOUBLE (Flyball, 78D) Ángel Flores to third Runner from 3rd tries for Home, SAFE, no throw
|
Batting: SHB Jason Ashley
|
0-0: Called Strike 0-1: Ball 1-1: DOUBLE (Line Drive, 9LM) George Martin scores
|
Batting: RHB Octávio Aldeguer
|
0-0: Ball 1-0: Foul Ball, location: 2F 1-1: Swinging Strike 1-2: Strikes out swinging
|
Top of the 2nd over - 2 runs, 2 hits, 0 errors, 1 left on base; Pensacola 2 - Savannah 0 |
BOTTOM OF THE 2ND |
Savannah Hogs batting - Pitching for Pensacola Pilots : RHP Robin Richmond
|
Batting: RHB Pedro Cuevas
|
0-0: Swinging Strike 0-1: Fly out, F8 (Flyball, 89XD)
|
Batting: RHB Louis Miller
|
0-0: Ball 1-0: Foul Ball, location: 2F 1-1: Swinging Strike 1-2: Ball 2-2: Foul Ball, location: 2F 2-2: Fly out, F3 (Popup, 3SF)
|
Batting: LHB Felipe Franco
|
0-0: Ball 1-0: Fly out, F8 (Flyball, 8RM)
|
Bottom of the 2nd over - 0 runs, 0 hits, 0 errors, 0 left on base; Pensacola 2 - Savannah 0 |
TOP OF THE 3RD |
Pensacola Pilots batting - Pitching for Savannah Hogs : RHP Gabriel Quintero
|
Batting: SHB Jack Hendrix
|
0-0: Ground out U3 (Groundball, 3)
|
Batting: SHB Carlos González
|
0-0: Foul Ball, location: 2F 0-1: Ball 1-1: Foul Ball, location: 2F 1-2: Ball 2-2: Foul Ball, location: 2F 2-2: Foul Ball, location: 2F 2-2: Strikes out looking
|
Batting: RHB John Hall
|
0-0: Ball 1-0: Called Strike 1-1: Ground out U3 (Groundball, 3S)
|
Top of the 3rd over - 0 runs, 0 hits, 0 errors, 0 left on base; Pensacola 2 - Savannah 0 |
BOTTOM OF THE 3RD |
Savannah Hogs batting - Pitching for Pensacola Pilots : RHP Robin Richmond
|
Batting: RHB Juan Morales
|
0-0: Swinging Strike 0-1: Ball 1-1: Called Strike 1-2: Hit by Pitch
|
Batting: RHB Ramiro Villescaz
|
0-0: Ball 1-0: Foul Ball, location: 2F 1-1: Swinging Strike 1-2: Strikes out looking
|
Batting: RHB Miguel Martínez
|
0-0: Ball 1-0: Ground out U3 (Groundball, 3) Juan Morales to second
|
Batting: SHB Ramón Minas
|
0-0: Foul Ball, location: 2F 0-1: Swinging Strike 0-2: Foul Ball, location: 2F 0-2: Ground out 4-3 (Groundball, 4)
|
Bottom of the 3rd over - 0 runs, 0 hits, 0 errors, 1 left on base; Pensacola 2 - Savannah 0 |
TOP OF THE 4TH |
Pensacola Pilots batting - Pitching for Savannah Hogs : RHP Gabriel Quintero
|
Batting: LHB Preston Hamilton
|
0-0: Called Strike 0-1: Fly out, F7 (Flyball, 78D)
|
Batting: RHB Lawrence Davidson
|
0-0: Ball 1-0: Called Strike 1-1: Fly out, F8 (Flyball, 8RM)
|
Batting: LHB Ángel Flores
|
0-0: Called Strike 0-1: Ball 1-1: Foul Ball, location: 2F 1-2: Ball 2-2: Fly out, F7 (Flyball, 7)
|
Top of the 4th over - 0 runs, 0 hits, 0 errors, 0 left on base; Pensacola 2 - Savannah 0 |
BOTTOM OF THE 4TH |
Savannah Hogs batting - Pitching for Pensacola Pilots : RHP Robin Richmond
|
Batting: RHB Rick Holman
|
0-0: Called Strike 0-1: Ball 1-1: Foul Ball, location: 2F 1-2: Ball 2-2: SINGLE (Flyball, 7S)
|
Batting: RHB José Ramos
|
0-0: Ball 1-0: Ball 2-0: Swinging Strike 2-1: Foul Ball, location: 2F 2-2: Foul Ball, location: 2F 2-2: Fly out, F9 (Flyball, 9LSF)
|
Batting: RHB Pedro Cuevas
|
0-0: Ball 1-0: Foul Ball, location: 2F 1-1: Ball 2-1: Called Strike 2-2: Strikes out looking
|
Batting: RHB Louis Miller
|
0-0: Swinging Strike 0-1: Ball 1-1: Fielders Choice at 2nd, U6 (Groundball, 6M)
|
Bottom of the 4th over - 0 runs, 1 hit, 0 errors, 1 left on base; Pensacola 2 - Savannah 0 |
TOP OF THE 5TH |
Pensacola Pilots batting - Pitching for Savannah Hogs : RHP Gabriel Quintero
|
Batting: RHB George Martin
|
0-0: Ball 1-0: Called Strike 1-1: Ground out 5-3 (Groundball, 56)
|
Batting: SHB Jason Ashley
|
0-0: Called Strike 0-1: Foul Ball, location: 2F 0-2: Ball 1-2: Ball 2-2: Fly out, F9 (Line Drive, 9LS)
|
Batting: RHB Octávio Aldeguer
|
0-0: Fly out, F7 (Flyball, 7LM)
|
Top of the 5th over - 0 runs, 0 hits, 0 errors, 0 left on base; Pensacola 2 - Savannah 0 |
BOTTOM OF THE 5TH |
Savannah Hogs batting - Pitching for Pensacola Pilots : RHP Robin Richmond
|
Batting: LHB Felipe Franco
|
0-0: Swinging Strike 0-1: Ball 1-1: Called Strike 1-2: Strikes out swinging
|
Batting: RHB Juan Morales
|
0-0: Ball 1-0: Ball 2-0: Ball 3-0: Base on Balls
|
Batting: RHB Ramiro Villescaz
|
0-0: Called Strike 0-1: Called Strike 0-2: Ball 1-2: Ball 2-2: Ball 3-2: Base on Balls Juan Morales to second
|
Batting: RHB Miguel Martínez
|
0-0: Called Strike Juan Morales steals 3rd base 0-1: Ball Ramiro Villescaz is caught stealing 2nd base 1-1: Swinging Strike 1-2: Strikes out looking
|
Bottom of the 5th over - 0 runs, 0 hits, 0 errors, 1 left on base; Pensacola 2 - Savannah 0 |
BOTTOM OF THE 6TH |
Savannah Hogs batting - Pitching for Pensacola Pilots : RHP Robin Richmond
|
Batting: SHB Ramón Minas
|
0-0: Called Strike 0-1: Swinging Strike 0-2: Ground out 6-3 (Groundball, 6M)
|
Batting: RHB Rick Holman
|
0-0: Ball 1-0: Swinging Strike 1-1: Foul Ball, location: 2F 1-2: Foul Ball, location: 2F 1-2: Foul Ball, location: 2F 1-2: SINGLE (Line Drive, 8LS)
|
Batting: RHB José Ramos
|
0-0: Called Strike 0-1: Ball Rick Holman steals 2nd base 1-1: Ball 2-1: Foul Ball, location: 2F 2-2: Foul Ball, location: 2F 2-2: Ball 3-2: Foul Ball, location: 2F 3-2: Foul Ball, location: 2F 3-2: Fly out, F7 (Flyball, 7)
|
Batting: RHB Pedro Cuevas
|
0-0: Foul Ball, location: 2F 0-1: Ground out 4-3 (Groundball, 34)
|
Bottom of the 6th over - 0 runs, 1 hit, 0 errors, 1 left on base; Pensacola 3 - Savannah 0 |
TOP OF THE 7TH |
Pensacola Pilots batting - Pitching for Savannah Hogs : RHP Gabriel Quintero
|
Batting: RHB George Martin
|
0-0: Called Strike 0-1: Ball 1-1: Ball 2-1: Foul Ball, location: 2F 2-2: Foul Ball, location: 2F 2-2: Ground out 6-3 (Groundball, 6)
|
Batting: SHB Jason Ashley
|
0-0: Called Strike 0-1: Ball 1-1: Fly out, F6 (Popup, 6D)
|
Batting: RHB Octávio Aldeguer
|
0-0: Foul Ball, location: 2F 0-1: Ground out 5-3 (Groundball, 5)
|
Top of the 7th over - 0 runs, 0 hits, 0 errors, 0 left on base; Pensacola 3 - Savannah 0 |
BOTTOM OF THE 7TH |
Savannah Hogs batting - Pitching for Pensacola Pilots : RHP Robin Richmond
|
Batting: RHB Louis Miller
|
0-0: Called Strike 0-1: Ball 1-1: Foul Ball, location: 2F 1-2: Foul Ball, location: 2F 1-2: Ball 2-2: Foul Ball, location: 2F 2-2: SOLO HOME RUN (Flyball, 78XD), Distance : 389 ft
|
Batting: LHB Felipe Franco
|
0-0: Foul Ball, location: 2F 0-1: Called Strike 0-2: Ball 1-2: Foul Ball, location: 2F 1-2: Ground out 4-3 (Groundball, 4)
|
Batting: RHB Juan Morales
|
0-0: Called Strike 0-1: Ball 1-1: Ball 2-1: Foul Ball, location: 2F 2-2: Fly out, F8 (Flyball, 8LXD)
|
Batting: RHB Ramiro Villescaz
|
0-0: Called Strike 0-1: Ball 1-1: Swinging Strike 1-2: Ball 2-2: Foul Ball, location: 2F 2-2: Fly out, F4 (Popup, 4M)
|
Bottom of the 7th over - 1 run, 1 hit, 0 errors, 0 left on base; Pensacola 3 - Savannah 1 |
TOP OF THE 8TH |
Pensacola Pilots batting - Pitching for Savannah Hogs : RHP Gabriel Quintero
|
Pitching: LHP Gilberto Jáquez
|
|
Batting: SHB Jack Hendrix
|
0-0: Foul Ball, location: 2F
|
|
|
|
0-1: Fly out, F7 (Flyball, 7S)
|
Batting: SHB Carlos González
|
0-0: Called Strike 0-1: Ball 1-1: Ball 2-1: Ball 3-1: Base on Balls
|
Batting: RHB John Hall
|
0-0: Called Strike 0-1: Ball 1-1: Ball 2-1: Ball 3-1: Called Strike 3-2: Fly out, F3 (Popup, 3L)
|
Batting: LHB Preston Hamilton
|
0-0: Called Strike 0-1: Ball 1-1: Called Strike 1-2: Ball 2-2: Strikes out swinging
|
Top of the 8th over - 0 runs, 0 hits, 0 errors, 1 left on base; Pensacola 3 - Savannah 1 |
BOTTOM OF THE 8TH |
Savannah Hogs batting - Pitching for Pensacola Pilots : RHP Robin Richmond
|
Pitching: RHP Ramón Flores
|
|
Batting: RHB Miguel Martínez
|
0-0: Bunt for hit - play at first, batter OUT! 5-3
|
Batting: SHB Ramón Minas
|
0-0: Ball 1-0: Swinging Strike 1-1: Foul Ball, location: 2F 1-2: Ball 2-2: Ball 3-2: Foul Ball, location: 2F 3-2: Strikes out looking
|
Batting: RHB Rick Holman
|
0-0: Called Strike 0-1: SINGLE (Line Drive, 6M)
|
Batting: RHB José Ramos
|
0-0: Ball 1-0: Called Strike 1-1: Foul Ball, location: 2F 1-2: Ball 2-2: Foul Ball, location: 2F 2-2: Strikes out swinging
|
Bottom of the 8th over - 0 runs, 1 hit, 0 errors, 1 left on base; Pensacola 3 - Savannah 1 |
TOP OF THE 9TH |
Pensacola Pilots batting - Pitching for Savannah Hogs : LHP Gilberto Jáquez
|
Batting: RHB Lawrence Davidson
|
0-0: Ball 1-0: Ball 2-0: Swinging Strike 2-1: Ball 3-1: Swinging Strike 3-2: Foul Ball, location: 2F 3-2: Foul Ball, location: 2F 3-2: Base on Balls
|
Batting: LHB Ángel Flores
|
0-0: Swinging Strike 0-1: Foul Ball, location: 2F 0-2: Ball 1-2: Ball 2-2: Foul Ball, location: 2F 2-2: Ball 3-2: Foul Ball, location: 2F 3-2: Strikes out looking
|
Pitching: RHP Ismael Chávez
|
|
Batting: RHB George Martin
|
0-0: Ball 1-0: Ball 2-0: Ball 3-0: Base on Balls Lawrence Davidson to second
|
Pinch Hitting: LHB Joe Vásquez
|
0-0: Ball 1-0: Reached on error, E4 (Groundball, 4) Lawrence Davidson to third George Martin to second
|
Pinch Hitting: LHB Carlos Músquez
|
0-0: Called Strike 0-1: Called Strike 0-2: Ball 1-2: Fly out, F8 (Flyball, 8LXD) Runner from 3rd tags up, SCORES, no throw
|
Batting: SHB Jack Hendrix
|
0-0: Called Strike 0-1: Ball 1-1: Called Strike 1-2: Fielders Choice at 2nd, 6-4 (Groundball, 6)
|
Top of the 9th over - 1 run, 0 hits, 1 error, 2 left on base; Pensacola 4 - Savannah 1 |
BOTTOM OF THE 9TH |
Savannah Hogs batting - Pitching for Pensacola Pilots : RHP Ramón Flores
|
Pitching: RHP Scott Willerton
|
|
Now at C: José Ramos
|
|
Now at 2B: Bryan Long
|
|
Now in LF: Joe Vásquez
|
|
Batting: RHB Pedro Cuevas
|
0-0: Called Strike 0-1: Ball 1-1: Ball 2-1: Ball 3-1: Fly out, F9 (Flyball, 89D)
|
Batting: RHB Louis Miller
|
0-0: Ball 1-0: SINGLE (Flyball, 78S)
|
Batting: LHB Felipe Franco
|
Pickoff Throw to First - Out! 0-0: Ball 1-0: Called Strike 1-1: Ball 2-1: Fly out, F9 (Flyball, 9LM)
|
Bottom of the 9th over - 0 runs, 1 hit, 0 errors, 0 left on base; Pensacola 4 - Savannah 1 |
|
Saturday, April 7th, 2018 - OOTP Baseball 18.8 Build 76
|
|